 Dungeon Crawl Stone Soup version 0.24-a0-27-gca774cb5d5 (webtiles) character file.

Game seed: 3298997030989108562

8 Camlann the Shield-Bearer (level 2, 17/24 HPs)
             Began as a Demonspawn Fighter on Feb 2, 2019.
             Quit the game on level 1 of the Dungeon.
             The game lasted 00:00:17 (65 turns).

Camlann the Shield-Bearer (Demonspawn Fighter)        Turns: 65, Time: 00:00:17

Health: 17/24      AC:  6    Str: 16    XL:     2   Next: 0%
Magic:  2/2        EV:  6    Int:  9    God:
Gold:   0          SH:  9    Dex: 12    Spells: 1/1 levels left

rFire    . . .     SeeInvis .     - Unarmed
rCold    . . .     Gourm    .   b - +0 shield
rNeg     . . .     Faith    .   a - +0 scale mail
rPois    .         Spirit   +   (no helmet)
rElec    .         Reflect  .   (no cloak)
rCorr    .         Harm     .   (no gloves)
MR       .....                  (no boots)
Stlth    ..........             (no amulet)
HPRegen  0.08/turn              (no ring)
MPRegen  0.08/turn              (no ring)

@: no status effects
A: magic shield
a: no special abilities


You were on level 1 of the Dungeon.
You were not hungry.

You visited 1 branch of the dungeon, and saw 1 of its levels.

Inventory:

Armour
 a - a +0 scale mail (worn)
 b - a +0 shield (worn)
Scrolls
 e - a scroll of identify {unknown}
Potions
 c - a potion of might
Comestibles
 d - a ration


   Skills:
 - Level 3.0 Fighting
 - Level 2.6 Armour
 + Level 3.2 Shields
 - Level 1.7 Unarmed Combat


You had one spell level left.
You didn't know any spells.
Your spell library was empty.

Dungeon Overview and Level Annotations

Branches:
Dungeon (1/15)

Altars:


Innate Abilities, Weirdness & Mutations

When hurt, damage is shared between your health and your magic reserves.


Message History

The leopard gecko bites you but does no damage.
You closely miss the bat. The bat completely misses you.
You block the bat's attack. The kobold hits you but does no damage.
The leopard gecko bites you but does no damage.
The bat hits you but does no damage. You block the bat's attack.
The bat hits you but does no damage. You block the leopard gecko's attack.
The bat hits you but does no damage.
The kobold throws a stone.
The stone hits you but does no damage.
You see here a stone.
You block the bat's attack. x2
The bat hits you but does no damage. You block the bat's attack.
The bat hits you but does no damage.
You hit the bat. You block the bat's attack. The bat closely misses you.
You hit the bat.
You kill the bat!
You have reached level 2!
Your demonic ancestry asserts itself...
You feel your magical essence form a protective shroud around your flesh.

.#.. #.# .[....... ....# #.#
#........ ..... #.####
#........
......#....###........
......#..(....K.......
.......g..K........#
###.##K##....(....#
#..#l##.........#
#.#@##.........#
#...##.........#
###..##.....%...#
....>.......#####
######.#.###..........#
#######......#.# #.#........#
#.....#...####.###.#........#
#.....#............#........#
#<............###.##......(.#


You could see a leopard gecko, a goblin and a kobold.

Vanquished Creatures
  An ooze (D:1)
  3 bats (D:1)
4 creatures vanquished.

Notes
Turn   | Place    | Note
-------+----------+-------------------------------------------
     0 | D:1      | Camlann the Demonspawn Fighter began the quest for the Orb.
     0 | D:1      | Reached XP level 1. HP: 18/18 MP: 1/1
    64 | D:1      | Gained mutation: When hurt, damage is shared between your
                  | health and your magic reserves. [demonic ancestry]
    64 | D:1      | Reached XP level 2. HP: 17/24 MP: 2/2
    65 | D:1      | Quit the game

Vault maps used:
D:1:      minmay_arrival_checkered_box

Skill      XL: |  1 |
---------------+----+-----
Shields        | 3 |  3.2
Fighting       | |  3.0
Armour         | |  2.6
Unarmed Combat | |  1.7

Action                   || total
-------------------------++-------
Melee: Unarmed           ||    21
Armor: Scale mail        ||    27
Dodge: Dodged            ||    17
Block: Shield            ||    22

Table legend:
 A = Non-vault XP
 B = Vault XP
 C = Vault XP percentage of total XP
 D = Non-vault monster count
 E = Vault monster count
 F = Vault count percentage of total count
                 A         B        C        D         E       F
            +---------+---------+-------+---------+---------+-------
      Total |      12 |       0 |   0.0 |       4 |       0 |   0.0
            +---------+---------+-------+---------+---------+-------
        D:1 |      12 |       0 |   0.0 |       4 |       0 |   0.0
            +---------+---------+-------+---------+---------+-------
